AoeStats
← THL

Arabia

507891715Analyzed
1v1 RM · 12d ago on Sep 20, 2026· 35m 41s· 2 players
Game mode
Random Map
Map size
Tiny (2 player)
Population
200
Speed
Normal
Resources
Standard
Victory
Conquest
Starting age
Dark Age
Ending age
Imperial Age
RankedLock teamsTeams togetherTeam positionsShared explorationLock speedFull tech treeHidden civsTurbo modeCheats
Victory
Defeat
🇻🇳 Tatars · Vietnam
1769
+10
🇦🇷 Wei · Argentina
1625
-10
wR.Baxter
6:31 Loom
8:48 Feudal Age
9:45 Double-Bit Axe
17:35 Gold Mining
20:35 Castle Age
18:48 Horse Collar
20:18 Fletching
20:42 Bloodlines
21:16 Padded Archer Armor
20:42 Elite Skirmisher
22:00 Bodkin Arrow
22:49 Bow Saw
24:05 Leather Archer Armor
32:13 Town Watch
34:36 Scale Barding Armor
THL
5:52 Loom
9:01 Feudal Age
9:42 Double-Bit Axe
19:48 Castle Age
18:21 Horse Collar
18:52 Gold Mining
20:03 Bloodlines
20:55 Bow Saw
21:13 Fletching
21:52 Bodkin Arrow
22:57 Padded Archer Armor
23:00 Husbandry
28:30 Leather Archer Armor
32:30 Ballistics
33:14 Wheelbarrow
Connection lost

Rejoining the realm…

Still unreachable

The connection could not be restored.

Session expired

The server has moved on; the page needs a fresh start.